 Dungeon Sprint DCSS version 0.31-a0-1074-g0b22e4e0f1 (webtiles) character file.

Game seed: 17258892196745793432

2410 tbh1313 the Bludgeoner (level 9, -3/98 HPs)
             Began as an Ogre Berserker on Nov 28, 2023.
             Was an Elder of Trog.
             Slain by Sonja
             ... wielding a +1 dagger of distortion
              (4 damage)
             ... in the Dungeon (Sprint I: "Red Sonja").
             The game lasted 00:03:39 (645 turns).

tbh1313 the Bludgeoner (Ogre Berserker)              Turns: 645, Time: 00:03:39

Health: -3/98      AC:  4    Str: 27    XL:     9   Next: 47%
Magic:  9/9        EV: 10    Int:  8    God:    Trog [****..]
Gold:   328        SH:  0    Dex:  8    Spells: 8/8 levels left

rFire   . . .        j - +0 giant club
rCold   . . .        (shield currently unavailable)
rNeg    . . .        k - +0 robe
rPois   .            (helmet restricted)
rElec   .            l - +0 cloak {Will+}
rCorr   .            (gloves unavailable)
SInv    .            (boots unavailable)
Will    +....        (no amulet)
Stlth   +            (no ring)
HPRegen 0.36/turn    (no ring)
MPRegen 0.11/turn

%: no teleportation
@: on berserk cooldown, slowed, very slow
A: large, unfitting armour, tough skin 1
a: Renounce Religion, Berserk, Trog's Hand, Brothers in Arms


You were in the Dungeon.
You worshipped Trog.
Trog was greatly pleased with you.
You visited 1 branch You collected 440 gold pieces.
You spent 112 gold pieces at shops.

Inventory:

Hand Weapons
 a - a +0 mace
 j - a +0 giant club (weapon)
Armour
 b - a +0 animal skin
 k - a +0 robe (worn)
 l - a +0 cloak of willpower (worn)
Wands
 i - a wand of flame (6)
Scrolls
 h - a scroll of blinking
Potions
 e - a potion of haste
 f - 2 potions of magic
 g - a potion of berserk rage


   Skills:
 + Level 9.1 Fighting
 - Level 18.0 Maces & Flails
 + Level 4.8 Dodging


You had 8 spell levels left.
You didn't know any spells.
Your spell library was empty.

Dungeon Overview and Level Annotations

Branches:
Dungeon (1/1)

Altars:
Cheibriados
Dithmenos
Elyvilon
Fedhas
Gozag
Hepliaklqana
Kikubaaqudgha
Makhleb
Nemelex Xobeh
Okawaru
Qazlal
Ru
Sif Muna
Trog
Uskayaw
Vehumet
Wu Jian
Xom
Yredelemnul
Zin
The Shining One
Jiyva
Lugonu

Shops:
D *

Annotations:
D Sonja


Innate Abilities, Weirdness & Mutations

You are too large for most types of armour.
You have tough skin. (AC +1)


Message History

Sonja breaks down the door.
Aiming: Throw Flame
Press: ? - help, Shift-Dir - straight line, f - Sonja
Aim: Sonja, wielding a +1 dagger of distortion, quivering curare-tipped darts and carrying a wand of light (25% to hit)
The puff of flame misses Sonja.
Sonja zaps a wand.
The bolt of light misses you.
Sonja zaps a wand.
The bolt of light misses you.
You thump Sonja!
Sonja is heavily wounded.
Sonja hits you with a +1 dagger of distortion. x3
You completely miss Sonja.
Sonja is heavily wounded.
Sonja zaps a wand.
The bolt of light hits you!
* * * LOW HITPOINT WARNING * * *
Sonja mumbles some strange words.
Sonja blinks!
You close the door.
You completely miss Sonja.
Sonja is heavily wounded.
Sonja zaps a wand.
The bolt of light hits you!
You are confused.
* * * LOW HITPOINT WARNING * * *
You feel much better. Sonja barely misses you.
Sonja hits you with a +1 dagger of distortion.
Space warps around you.
Sonja hits you with a +1 dagger of distortion.
Space warps horribly around you!!
* * * LOW HITPOINT WARNING * * *
Sonja barely misses you. Sonja closely misses you.
Sonja hits you with a +1 dagger of distortion.
* * * LOW HITPOINT WARNING * * *
Okay, then.
You feel better.
Sonja hits you with a +1 dagger of distortion.
* * * LOW HITPOINT WARNING * * *
Space warps around you.
* * * LOW HITPOINT WARNING * * *
Sonja barely misses you.
Sonja hits you with a +1 dagger of distortion.
You die...
Sonja takes a bow.

.#..†..#.)'..#__#..)...#
.').#..'..#..'..'..#)..#
.#####'#####'#__####...+
.####..#...#)####§§#####
.#__####..##)#~~§..#
.#_____##'#§.§§§§§.+
⌠#_.∩...÷...§#~~~§.#
##_..__##_.#'##+####
#_____###+#.#.%@?#
####### ####K###
+...'..[$$+ #..K#######
##


You could see Sonja.

Levels and vault maps discovered:
D:        dungeon_sprint_1 [red_sonja_temple_1, red_sonja_temple_small_1]

Notes
Turn   | Place    | Note
-------+----------+-------------------------------------------
     0 | D        | tbh1313 the Ogre Berserker began the quest for the Orb.
     0 | D        | Reached XP level 1. HP: 24/24 MP: 1/1
     1 | D        | Noticed Ijyb
     9 | D        | Killed Ijyb
    10 | D        | Reached skill level 4 in Maces & Flails
    10 | D        | Reached XP level 2. HP: 37/37 MP: 2/2
    10 | D        | Reached XP level 3. HP: 45/45 MP: 3/3
    67 | D        | Noticed an ogre
    75 | D        | Killed an ogre
    76 | D        | Reached skill level 8 in Maces & Flails
    76 | D        | Reached XP level 4. HP: 55/55 MP: 4/4
   125 | D        | Noticed Sigmund
   132 | D        | Killed Sigmund
   132 | D        | Reached ** piety under Trog
   133 | D        | Reached skill level 11 in Maces & Flails
   133 | D        | Reached XP level 5. HP: 62/62 MP: 5/5
   133 | D        | Reached XP level 6. HP: 71/71 MP: 6/6
   196 | D        | Found an ornate altar of the Wu Jian Council.
   196 | D        | Found a shimmering blue altar of Sif Muna.
   198 | D        | Found a radiant altar of Vehumet.
   224 | D        | Found Weidamol's Assorted Antiques.
   224 | D        | Found an ancient bone altar of Kikubaaqudgha.
   224 | D        | Found a hazy altar of Hepliaklqana.
   224 | D        | Found a stormy altar of Qazlal.
   224 | D        | Found a hide-covered altar of Uskayaw.
   224 | D        | Found a blossoming altar of Fedhas.
   224 | D        | Found a bloodstained altar of Trog.
   224 | D        | Found an iron altar of Okawaru.
   224 | D        | Found a basalt altar of Yredelemnul.
   224 | D        | Found a glowing golden altar of the Shining One.
   224 | D        | Found a snail-covered altar of Cheibriados.
   224 | D        | Found a sacrificial altar of Ru.
   224 | D        | Found a glowing silver altar of Zin.
   224 | D        | Found a shadowy altar of Dithmenos.
   224 | D        | Found a white marble altar of Elyvilon.
   224 | D        | Noticed a yak
   233 | D        | Killed a yak
   234 | D        | Reached skill level 12 in Maces & Flails
   234 | D        | Reached XP level 7. HP: 38/78 MP: 7/7
   234 | D        | Found an opulent altar of Gozag.
   235 | D        | Found a sparkling altar of Nemelex Xobeh.
   239 | D        | Bought a runed cloak for 112 gold pieces
   380 | D        | Found a burning altar of Makhleb.
   380 | D        | Found a viscous altar of Jiyva.
   380 | D        | Found a shimmering altar of Xom.
   380 | D        | Found a corrupted altar of Lugonu.
   380 | D        | Noticed a slime creature
   384 | D        | Killed a slime creature
   385 | D        | Reached skill level 13 in Maces & Flails
   498 | D        | Noticed a kobold demonologist
   510 | D        | Killed a kobold demonologist
   510 | D        | Reached *** piety under Trog
   511 | D        | Reached skill level 15 in Maces & Flails
   511 | D        | Reached XP level 8. HP: 87/87 MP: 8/8
   511 | D        | Noticed a glass eye
   511 | D        | Noticed a kobold demonologist
   517 | D        | Killed a kobold demonologist
   525 | D        | Killed a glass eye
   525 | D        | Reached **** piety under Trog
   526 | D        | Reached skill level 16 in Maces & Flails
   562 | D        | Noticed a centaur warrior
   573 | D        | Killed a centaur warrior
   574 | D        | Reached skill level 17 in Maces & Flails
   574 | D        | Reached XP level 9. HP: 78/93 MP: 9/9
   626 | D        | Noticed a deep troll
   633 | D        | Killed a deep troll
   634 | D        | Reached skill level 18 in Maces & Flails
   634 | D        | Noticed Sonja
   643 | D        | HP: 7/98 [Sonja/bolt of light (17)]
   644 | D        | HP: 1/98 [Sonja/+1 dagger of distortion (4)]
   645 | D        | Slain by Sonja

Table legend: (Time is in decaauts)
 A = Elapsed time spent in this place.
 B = Non-inter-level travel time spent in this place.
 C = Inter-level travel time spent in this place.
 D = Time resting spent in this place.
 E = Time spent auto-exploring this place.
 F = Levels seen in this place.
 G = Mean time per level.
                   A        B        C        D        E       F      G
               +--------+--------+--------+--------+--------+-----+--------+
         Total |    680 |    680 |      0 |    454 |      0 |   1 |  680.0 |
       Dungeon |    680 |    680 |      0 |    454 |      0 |   1 |  680.0 |
               +--------+--------+--------+--------+--------+-----+--------+

Top non-repeatable levels by time:
       D: 680 daAuts

Table legend:
 A = Kills in this place as a percentage of kills in the entire game.
 B = Kills by you in this place as a percentage of kills by you in the entire game.
 C = Kills by friends in this place as a percentage of kills by friends in the entire game.
 D = Other kills in this place as a percentage of other kills in the entire game.
 E = Experience gained in this place as a percentage of experience gained in the entire game.
 F = Experience gained in this place divided by the number of levels of this place that you have seen.
                   A       B       C       D       E      F
               +-------+-------+-------+-------+-------+----------------------
         Total | 100.0 | 100.0 |   N/A |   N/A | 100.0 | 3444.0
       Dungeon | 100.0 | 100.0 |   N/A |   N/A | 100.0 | 3444.0
               +-------+-------+-------+-------+-------+----------------------

Action                     |  1- 3 |  4- 6 |  7- 9 || total
---------------------------+-------+-------+-------++-------
  Melee: Mace              |    13 |       |       ||    13
         Giant club        |       |    15 |    39 ||    54
 Invoke: Berserk           |     2 |     1 |     2 ||     5
         Trog's Hand       |       |       |     1 ||     1
  Evoke: Wand              |       |       |     1 ||     1
    Use: Potion            |       |       |     2 ||     2
 Armour: Animal skin       |     5 |     4 |       ||     9
         Robe              |       |     5 |    34 ||    39
  Dodge: Dodged            |     4 |     5 |    22 ||    31

Vanquished Creatures
  A centaur warrior (D)
  A deep troll (D)
  2 kobold demonologists (D)
  A glass eye (D)
  A slime creature (D)
  Sigmund (D)
  A yak (D)
  An ogre (D)
  A jelly (D)
  Ijyb (D)
11 creatures vanquished.
